AoeStats
← Goffs

Runestones

507156146Analyzed
1v1 RM · 16d ago on Sep 16, 2026· 32m 38s· 2 players
Game mode
Random Map
Map size
Tiny (2 player)
Population
200
Speed
Normal
Resources
Standard
Victory
Conquest
Starting age
Dark Age
Ending age
Imperial Age
RankedLock teamsTeams togetherTeam positionsShared explorationLock speedFull tech treeHidden civsTurbo modeCheats
Victory
Defeat
🇦🇷 Inca · Argentina
1247
+14
🇦🇷 Bulgarians · Argentina
1202
-14
Goffs
6:25 Loom
6:57 Loom
9:32 Feudal Age
10:34 Arson
10:58 Double-Bit Axe
16:22 Forging
16:33 Horse Collar
20:35 Bloodlines
25:53 Castle Age
24:11 Scale Mail Armor
24:52 Gold Mining
29:32 Squires
magna
1:29 Loom
10:08 Feudal Age
11:37 Double-Bit Axe
11:33 Champi Runner
15:55 Arson
21:29 Horse Collar
25:18 Castle Age
24:38 Fletching
25:45 Gold Mining
25:45 Crossbowman
26:22 Bodkin Arrow
26:35 Thumb Ring
27:09 Bow Saw
27:45 Padded Archer Armor
29:45 Wheelbarrow
Connection lost

Rejoining the realm…

Still unreachable

The connection could not be restored.

Session expired

The server has moved on; the page needs a fresh start.